 Dungeon Crawl Stone Soup version 0.23-a0-143-g1adec7bb76 (webtiles) character file.

92788 Flugkiller the Unseen (level 15, -4/80 HPs)
             Began as a Spriggan Enchanter on Sept 3, 2018.
             Was an Initiate of Gozag.
             Blown up by an orb spider (39 damage)
             ... with an orb of destruction
             ... on level 1 of the Spider Nest on Sept 4, 2018.
             The game lasted 01:52:24 (35718 turns).

Flugkiller the Unseen (Spriggan Enchanter)         Turns: 35718, Time: 01:52:24

Health: -4/80      AC:  5    Str:  4    XL:     15   Next: 58%
Magic:  26/39      EV: 33    Int: 14    God:    Gozag
Gold:   4712       SH: 10    Dex: 22    Spells: 25/34 levels left

rFire    + . .     SeeInvis +   H - +7 quick blade (freeze)
rCold    + . .     Gourm    .   a - +1 buckler
rNeg     . . .     Faith    .   N - +2 robe {rC+ rF+}
rPois    .         Spirit   .   (helmet restricted)
rElec    .         Reflect  .   m - +0 cloak
rCorr    .         Harm     .   (gloves unavailable)
MR       +++..                  (boots unavailable)
Stlth    ++++++++..             u - amulet of magic regeneration
HPRegen  0.23/turn              n - ring of protection from magic
MPRegen  0.51/turn              Q - ring of Bereq {+Fly MP+9 Int-4 Slay+5 SInv}

@: lethally poisoned (-4 -> -8), drained, very quick
A: very small, unfitting armour, see invisible, herbivore, speed 3, slow
metabolism 2
a: Potion Petition, Call Merchant, Bribe Branch, Renounce Religion, Evoke Flight


You were on level 1 of the Spider Nest.
You worshipped Gozag.
Gozag was most pleased with you.
You were not hungry.

You visited 5 branches of the dungeon, and saw 25 of its levels.
You also visited: Trove and Ice Cave.

You collected 8203 gold pieces.
You spent 1968 gold pieces at shops.
You paid 1523 gold pieces to Gozag.

Inventory:

Hand Weapons
 j - a +1 dagger of draining
 H - a +7 quick blade of freezing (weapon)
 J - the +9 dagger of Blind Justice {vamp, rF++ Int-5 Dex-2 SInv}
   (You found it on level 3 of the Lair of Beasts)

   It inflicts no extra harm, but heals its wielder when it wounds a living foe.
   It affects your intelligence (-5).
   It affects your dexterity (-2).
   It greatly protects you from fire.
   It lets you see invisible.
Armour
 a - a +1 buckler (worn)
 m - a +0 cloak (worn)
 N - a +2 robe of resistance (worn)
 Y - a +2 robe of the Archmagi
Magical Staves
 V - an uncursed staff of wizardry
Jewellery
 b - an uncursed ring of protection from cold
 n - a ring of protection from magic (left hand)
 s - an uncursed ring of magical power
 u - an amulet of magic regeneration (around neck)
 K - an uncursed ring of protection from cold
 Q - the ring of Bereq (right hand) {+Fly MP+9 Int-4 Slay+5 SInv}
   (You bought it in a shop on level 13 of the Dungeon)

   [ring of flight]

   It affects your intelligence (-4).
   It affects your accuracy and damage with ranged weapons and melee attacks
   (+5).
   It affects your magic capacity (+9).
   It lets you see invisible.
   It lets you fly.
 U - an uncursed amulet of regeneration {unknown}
Wands
 v - a wand of scattershot (6)
 C - a wand of iceblast (19)
 E - a wand of enslavement (14)
 F - a wand of clouds (14)
 I - a wand of digging (35)
 L - a wand of disintegration (9)
 O - a wand of polymorph (43)
 R - a wand of acid (12)
 W - a wand of paralysis (11)
Scrolls
 e - 8 scrolls of remove curse
 f - 19 scrolls of teleportation
 k - 6 scrolls of fog
 l - 5 scrolls of fear
 o - 10 scrolls of amnesia
 p - 4 scrolls of magic mapping
 t - 4 scrolls of blinking
 x - 4 scrolls of enchant weapon
 D - a scroll of enchant armour
Potions
 c - a potion of resistance
 g - 2 potions of agility
 h - a potion of heal wounds
 i - 9 potions of curing
 q - 5 potions of magic
 r - 7 potions of mutation
 w - 2 potions of lignification
 z - 9 potions of haste
 A - 4 potions of invisibility
 B - a potion of ambrosia
 G - 7 potions of flight
 M - 4 potions of berserk rage
 P - 2 potions of might
 T - 2 potions of cancellation
 X - 3 potions of brilliance
Miscellaneous
 y - a lightning rod (4/4)
 Z - a phial of floods
Comestibles
 d - 16 rations


   Skills:
 - Level 10.0(9.7) Fighting
 - Level 10.0(9.7) Short Blades
 - Level 15.0(14.7) Dodging
 + Level 20.2(19.8) Stealth
 - Level 7.2(6.9) Shields
 - Level 10.2(9.9) Spellcasting
 - Level 13.0(12.7) Hexes
 - Level 5.3(5.1) Evocations


You had 25 spell levels left.
You knew the following spells:

 Your Spells              Type           Power        Failure   Level  Hunger
a - Corona                Hex            #####..      1%          1    None
b - Ensorcelled Hibernat  Hex/Ice        ###...       1%          2    None
c - Confuse               Hex            #####...     1%          3    #......
d - Dazzling Spray        Conj/Hex       ###...       2%          3    #......

Your spell library contained the following spells:

 Spells                   Type           Power        Failure   Level  Hunger
 Tukima's Dance           Hex            #####...     1%          3    #......
 Summon Guardian Golem    Hex/Summ       ###.....     2%          3    #......
 Beastly Appendage        Tmut           #.....       11%         1    None
 Summon Small Mammal      Summ           #...         11%         1    None
 Call Imp                 Summ           #.......     16%         2    None
 Sticks to Snakes         Tmut           #.......     16%         2    None
 Call Canine Familiar     Summ           #.......     32%         3    #......
 Spider Form              Tmut/Pois      #.........   32%         3    #......
 Ice Form                 Ice/Tmut       #.......     71%         4    ###....
 Summon Ice Beast         Ice/Summ       #.......     71%         4    ###....
 Summon Lightning Spire   Summ/Air       #.......     71%         4    ###....
 Blade Hands              Tmut           #.........   96%         5    #####..


Dungeon Overview and Level Annotations

Branches:
Dungeon (15/15)            Temple (1/1) D:7            Lair (6/6) D:10
 Shoals (0/4) Lair:4       Spider (1/4) Lair:3        Slime (0/5) Lair:6
    Orc (2/2) D:11            Elf (0/3) Orc:2        Vaults (0/5) D:14
 Depths (0/5) D:15

Altars:
Ashenzari
Cheibriados
Dithmenos
Elyvilon
Fedhas
Gozag
Hepliaklqana
Kikubaaqudgha
Makhleb
Nemelex Xobeh
Okawaru
Qazlal
Ru
Sif Muna
Trog
Uskayaw
Vehumet
Wu Jian
Xom
Yredelemnul
Zin
The Shining One
Beogh
Jiyva

Shops:
D:5 ?   D:11 }   D:13 =   D:15 (([   Orc:2 ?*[}

Annotations:
D:7 Joseph
D:14 exclusion: ice statue
Lair:2 exclusion: oklob plant
Lair:5 exclusion: downstairs
Lair:6 1 runed door


Innate Abilities, Weirdness & Mutations

You are very small and have problems with some larger weapons.
You are too small for most types of armour.
You have supernaturally acute eyesight. (SInv)
You are a herbivore.
You cover ground extremely quickly.
You need to consume almost no food.


Message History

Confirm with . or Enter, or press ? or * to list all spells.
Aiming: Confuse (safe; 1% risk of failure)
Press: ? - help, Shift-Dir - straight line, f - jumping spider, p - jumping
Aim: a jumping spider (chance to defeat MR: 68%)
The jumping spider appears confused.
You feel sick.
The jumping spider pounces on the jumping spider but does no damage.
The jumping spider bites the jumping spider.
Casting: Confuse (safe; 1% risk of failure)
Confirm with . or Enter, or press ? or * to list all spells.
Aiming: Confuse (safe; 1% risk of failure)
Press: ? - help, Shift-Dir - straight line, f - orb spider, p - jumping spider
Aim: an orb spider (moderately wounded, fully charged, clinging, chance to The orb spider resists with significant effort.
You feel sick.
The orb spider weaves a glowing orb of energy.
An orb of destruction comes into view.
You feel sick.
You feel sick. The orb of destruction hits you!
You die...

########s.s..s#
#..#..#.$.....#
#....#.$....##
..#..s..#...#..#
......s.##..#.##
........s######
.....#§..##
....##.§§.# ....
##..@# ... #^.##
## ####


You could see an orb spider and 2 jumping spiders.

Vanquished Creatures
  2 frost giants
  Nessos (Lair:4)
  A fire dragon (Lair:6)
  Snorg (D:11)
  Josephine (D:11)
  Fannar (D:11)
  A vault guard (D:14)
  Erolcha (Orc:1)
  9 hydras
  2 death knights
  3 centaur warriors
  Erica (Lair:1)
  3 two-headed ogres
  A tengu warrior (D:15)
  An orc high priest (Orc:2)
  Urug (Lair:1)
  2 unseen horrors
  A wizard (D:15)
  2 wolf spider zombies
  2 orc knights (Orc:2)
  A lindwurm (Lair:6)
  2 deep elf magi
  A wolf spider (Spider:1)
  An orb spider (shapeshifter) (D:12)
  7 orc sorcerers (Orc:2)
  4 ugly things
  4 cyclopes
  3 manticores
  5 elephants (Lair:6)
  A merfolk siren (Lair:4)
  4 torpor snails (Lair:4)
  8 black mambas
  3 molten gargoyles (Lair:6)
  16 spiny frogs
  5 gargoyles (D:8)
  2 kobold demonologists (D:12)
  An efreet (D:15)
  10 komodo dragons
  A rime drake (Lair:1)
  A yaktaur (D:15)
  A harpy zombie (D:15)
  4 tengu conjurers
  5 trolls
  3 merfolk (Lair:4)
  11 polar bears (IceCv)
  A slime creature (D:12)
  2 jumping spiders (Spider:1)
  15 blink frogs
  A hornet (D:11)
  Grinder (D:4)
  12 hippogriffs
  8 redbacks
  A shadow (D:15)
  6 wraiths
  4 water elementals
  8 wyverns
  Sigmund (D:6)
  A vampire (D:12)
  45 yaks
  8 vampire mosquitoes (D:15)
  3 steam dragons
  4 hungry ghosts
  8 basilisks
  A golden eye (shapeshifter) (D:14)
  2 wargs
  An acid dragon (D:13)
  9 water moccasins
  4 hell hounds (Lair:6)
  A soldier ant (D:13)
  7 porcupines
  6 ice beasts
  A hornet zombie (D:14)
  2 phantoms
  5 sky beasts
  30 orc warriors
  10 ogres
  A boggart (D:15)
  17 centaurs
  2 eyes of draining
  21 wolves
  10 crocodiles
  7 big kobolds
  A gnoll sergeant (D:5)
  18 bullfrogs
  4 scorpions
  2 water moccasin skeletons
  5 wights (D:9)
  6 killer bees (D:13)
  2 howler monkeys
  5 electric eels
  2 lava snakes (Lair:6)
  10 crimson imps
  2 bullfrog zombies
  5 hounds
  A quasit (D:7)
  A centaur zombie (D:6)
  5 jellies
  35 orc wizards
  25 orc priests
  3 centaur skeletons
  Terence (D:2)
  3 iguanas
  15 worker ants
  A hound skeleton (D:4)
  2 howler monkey zombies
  2 worker ant zombies
  14 adders
  5 gnolls (D:5)
  A howler monkey skeleton (D:6)
  4 shadow imps
  5 white imps
  3 ufetubi (D:14)
  An ooze (D:1)
  5 worms
  4 dart slugs
  6 leopard geckos
  99 orcs
  6 bats
  7 giant cockroaches
  14 hobgoblins
  8 jackals
  29 kobolds
  7 quokkas
  A ball python (D:2)
  5 frilled lizards
  8 goblins
  A leopard gecko skeleton (D:8)
  A leopard gecko zombie (D:7)
  8 rats
805 creatures vanquished.

Vanquished Creatures (collateral kills)
  A redback (Lair:3)
1 creature vanquished.

Vanquished Creatures (others)
  An orc wizard (Orc:2)
  A kobold (D:2)
  A bush (Lair:1)
  9 fungi
  2 plants (Lair:6)
14 creatures vanquished.

Grand Total: 820 creatures vanquished

Notes
Turn   | Place    | Note
-------+----------+-------------------------------------------
     0 | D:1      | Flugkiller the Spriggan Enchanter began the quest for the
                  | Orb.
     0 | D:1      | Reached XP level 1. HP: 9/9 MP: 5/5
   389 | D:1      | Reached skill level 5 in Stealth
   389 | D:1      | Reached XP level 2. HP: 13/13 MP: 6/6
   393 | D:1      | Learned a level 2 spell: Ensorcelled Hibernation
  1364 | D:2      | Reached XP level 3. HP: 16/16 MP: 8/8
  1995 | D:2      | Reached skill level 6 in Stealth
  2550 | D:2      | Found a shadowy altar of Dithmenos.
  2696 | D:2      | Reached XP level 4. HP: 21/21 MP: 9/9
  2729 | D:2      | Learned a level 3 spell: Confuse
  3030 | D:2      | Found a radiant altar of Vehumet.
  3660 | D:3      | Noticed Terence
  3693 | D:2      | Killed Terence
  3693 | D:2      | Reached skill level 7 in Stealth
  3693 | D:2      | Reached XP level 5. HP: 24/24 MP: 1/10
  4999 | D:3      | Found a glowing golden altar of the Shining One.
  5102 | D:4      | Noticed an ogre
  5108 | D:4      | Killed an ogre
  5108 | D:4      | Reached skill level 8 in Stealth
  5108 | D:4      | Reached XP level 6. HP: 28/28 MP: 8/11
  5243 | D:4      | Reached skill level 5 in Short Blades
  5656 | D:4      | Noticed Grinder
  6603 | D:4      | Killed Grinder
  6603 | D:4      | Reached skill level 5 in Hexes
  6603 | D:4      | Reached XP level 7. HP: 32/32 MP: 3/15
  6940 | D:5      | Entered Level 5 of the Dungeon
  7640 | D:5      | Found Orest's Magic Scroll Emporium.
  7659 | D:5      | Bought a scroll of fear for 38 gold pieces
  7659 | D:5      | Bought a scroll of magic mapping for 38 gold pieces
  7659 | D:5      | Bought a scroll of teleportation for 33 gold pieces
  7659 | D:5      | Bought a scroll of remove curse for 33 gold pieces
  7842 | D:5      | Reached XP level 8. HP: 32/36 MP: 16/16
  7847 | D:5      | Found a snail-covered altar of Cheibriados.
  8224 | D:5      | Reached skill level 1 in Fighting
  8476 | D:6      | Noticed Sigmund
  8541 | D:5      | Reached skill level 5 in Dodging
  8555 | D:6      | Killed Sigmund
  8728 | D:6      | Found a blossoming altar of Fedhas.
  8728 | D:6      | Found a hide-covered altar of Uskayaw.
  9165 | D:6      | Reached XP level 9. HP: 27/44 MP: 11/17
 10060 | D:7      | Reached skill level 9 in Stealth
 10198 | D:7      | Found a radiant altar of Vehumet.
 10258 | D:7      | Noticed Joseph
 10407 | D:7      | Reached skill level 10 in Stealth
 10436 | D:7      | Found a sacrificial altar of Ru.
 10906 | D:7      | Found a staircase to the Ecumenical Temple.
 10965 | Temple   | Entered the Ecumenical Temple
 10988 | Temple   | Became a worshipper of Gozag Ym Sagoz the Greedy
 11256 | D:7      | Reached skill level 11 in Stealth
 11859 | D:8      | Noticed a gargoyle
 11861 | D:8      | Killed a gargoyle
 11861 | D:8      | Reached skill level 12 in Stealth
 11863 | D:8      | Noticed a gargoyle
 11865 | D:8      | Killed a gargoyle
 11865 | D:8      | Reached skill level 5 in Spellcasting
 11865 | D:8      | Reached XP level 10. HP: 49/49 MP: 18/18
 11878 | D:8      | Noticed a gargoyle
 11880 | D:8      | Killed a gargoyle
 11889 | D:8      | Noticed a gargoyle
 11893 | D:8      | Killed a gargoyle
 11898 | D:8      | Noticed a gargoyle
 11900 | D:8      | Killed a gargoyle
 12893 | D:9      | Reached skill level 5 in Fighting
 13067 | D:9      | Found a shattered altar of Ashenzari.
 13461 | D:10     | Entered Level 10 of the Dungeon
 13662 | D:10     | Found a staircase to the Lair.
 13898 | D:10     | Reached skill level 13 in Stealth
 14427 | D:10     | Reached XP level 11. HP: 56/56 MP: 21/21
 14574 | Lair:1   | Entered Level 1 of the Lair of Beasts
 14875 | Lair:1   | Noticed Erica
 14906 | Lair:1   | Killed Erica
 14906 | Lair:1   | Reached skill level 10 in Dodging
 15364 | Lair:1   | Noticed a five-headed hydra
 15381 | Lair:1   | Reached skill level 14 in Stealth
 15390 | Lair:1   | Killed a five-headed hydra
 15397 | Lair:1   | Noticed Urug
 15524 | Lair:1   | Killed Urug
 15524 | Lair:1   | Reached skill level 10 in Hexes
 15865 | Lair:1   | Reached skill level 10 in Short Blades
 16411 | Lair:2   | Reached skill level 15 in Stealth
 16560 | Lair:2   | Reached XP level 12. HP: 61/61 MP: 22/22
 17826 | Lair:2   | Reached skill level 1 in Evocations
 18024 | Lair:3   | Got an ichor-stained dagger
 18098 | Lair:3   | Found a hole to the Spider Nest.
 18709 | Lair:3   | Noticed a six-headed hydra
 18716 | Lair:3   | Killed a six-headed hydra
 18716 | Lair:3   | Reached skill level 5 in Evocations
 18747 | Lair:3   | Identified the +9 dagger of Blind Justice {vamp, rF++ Int-5
                  | Dex-2 SInv} (You found it on level 3 of the Lair of Beasts)
 19133 | Lair:4   | Found a snail-covered altar of Cheibriados.
 19134 | Lair:4   | Reached skill level 15 in Dodging
 19213 | Lair:4   | Noticed Nessos
 19224 | Lair:4   | Killed Nessos
 19274 | Lair:4   | Noticed a four-headed hydra
 19406 | Lair:4   | Killed a four-headed hydra
 19522 | Lair:4   | Found a staircase to the Shoals.
 20041 | Lair:5   | Found a hide-covered altar of Uskayaw.
 20065 | Lair:5   | Noticed a seven-headed hydra
 20070 | Lair:5   | Killed a seven-headed hydra
 20070 | Lair:5   | Reached skill level 10 in Spellcasting
 20216 | Lair:5   | Reached XP level 13. HP: 65/65 MP: 28/28
 20792 | Lair:6   | Entered Level 6 of the Lair of Beasts
 20840 | Lair:6   | Reached skill level 1 in Shields
 22026 | Lair:6   | Found a large runed door.
 22026 | Lair:6   | Noticed a fire dragon
 22031 | Lair:6   | Found a large runed door.
 22312 | Lair:6   | Killed a fire dragon
 22887 | Lair:6   | Reached skill level 16 in Stealth
 23148 | Lair:6   | Found a runed door.
 23188 | Lair:6   | Found a viscous altar of Jiyva.
 23241 | Lair:6   | Found a staircase to the Slime Pits.
 23241 | Lair:6   | Noticed an acid blob
 23872 | D:11     | Noticed Fannar
 23874 | D:11     | Found a frozen archway.
 24089 | D:10     | Learned a level 3 spell: Dazzling Spray
 24106 | D:11     | Killed Fannar
 24106 | D:11     | Reached skill level 5 in Shields
 24124 | IceCv    | Entered an ice cave
 24389 | IceCv    | Reached XP level 14. HP: 72/72 MP: 29/29
 24554 | IceCv    | Noticed a frost giant
 24810 | IceCv    | Killed a frost giant
 25136 | D:11     | Found a staircase to the Orcish Mines.
 25670 | D:11     | Noticed Snorg
 25720 | D:11     | Killed Snorg
 25899 | D:11     | Found Zawkic's Gadget Emporium.
 25976 | D:11     | Noticed Josephine
 25986 | D:11     | Killed Josephine
 26522 | D:12     | Reached skill level 17 in Stealth
 27095 | D:12     | Found a radiant altar of Vehumet.
 28423 | D:13     | Found a portal to a secret trove of treasure.
 29079 | D:14     | Found a gate to the Vaults.
 30041 | D:15     | Entered Level 15 of the Dungeon
 30087 | D:15     | Found Ungek's Antique Armour Boutique.
 30213 | D:15     | Reached skill level 18 in Stealth
 30213 | D:15     | Reached XP level 15. HP: 78/78 MP: 25/30
 30400 | D:15     | Found Tuohok's Antique Weapon Shoppe.
 30645 | D:15     | Found Ulusyo's Weapon Boutique.
 30876 | D:15     | Found a staircase to the Depths.
 30876 | D:15     | Noticed a frost giant
 30941 | D:15     | Killed a frost giant
 31799 | Orc:1    | Entered Level 1 of the Orcish Mines
 32269 | Orc:2    | Entered Level 2 of the Orcish Mines
 32322 | Orc:1    | Reached skill level 19 in Stealth
 32840 | Orc:1    | Found a roughly hewn altar of Beogh.
 32869 | Orc:1    | Noticed Erolcha
 32876 | Orc:1    | Killed Erolcha
 33596 | Orc:2    | Found a staircase to the Elven Halls.
 33675 | Orc:2    | Reached skill level 10 in Fighting
 34542 | Orc:2    | Found Cyph's Gadget Shop.
 34542 | Orc:2    | Found Duemyrgh's Magic Scroll Boutique.
 34542 | Orc:2    | Found Yqeulenn's General Store.
 34545 | Orc:2    | Found Cenaitoo's Antique Armour Shop.
 35020 | Orc:2    | Bought a scroll of identify for 26 gold pieces
 35020 | Orc:2    | Bought a scroll of identify for 26 gold pieces
 35020 | Orc:2    | Bought a scroll of identify for 26 gold pieces
 35020 | Orc:2    | Bought a scroll of identify for 26 gold pieces
 35020 | Orc:2    | Bought a scroll of identify for 26 gold pieces
 35020 | Orc:2    | Bought a scroll of teleportation for 39 gold pieces
 35020 | Orc:2    | Bought a scroll of teleportation for 39 gold pieces
 35100 | Orc:2    | Bought a scroll of fog for 26 gold pieces
 35100 | Orc:2    | Bought a scroll of teleportation for 39 gold pieces
 35251 | D:13     | You paid a toll of 11 potions of heal wounds to enter a
                  | treasure trove
 35252 | Trove    | Entered a treasure trove
 35314 | D:13     | Identified a scroll of acquirement
 35325 | D:13     | Bought a ration for 65 gold pieces
 35325 | D:13     | Bought a ration for 65 gold pieces
 35325 | D:13     | Bought a ration for 65 gold pieces
 35325 | D:13     | Bought a ration for 65 gold pieces
 35325 | D:13     | Bought a ration for 65 gold pieces
 35325 | D:13     | Bought a ration for 65 gold pieces
 35325 | D:13     | Bought a ration for 65 gold pieces
 35325 | D:13     | Bought a ration for 65 gold pieces
 35325 | D:13     | Bought a ration for 65 gold pieces
 35325 | D:13     | Bought a ration for 65 gold pieces
 35330 | D:13     | Bought the ring of Bereq {+Fly MP+9 Int-4 Slay+5 SInv} for
                  | 903 gold pieces
 35503 | Spider:1 | Entered Level 1 of the Spider Nest
 35507 | Spider:1 | Reached skill level 20 in Stealth
 35718 | Spider:1 | Blown up by an orb spider

Vault maps used:
D:1:      eino_arrival_cavern_a, minmay_tripent
D:2:      nicolae_overflow_crystal_walls, fiery_altar_vehumet
D:3:      nicolae_tso_carved_into_rock, first_ration, uniq_terence
D:4:      uniq_grinder
D:5:      overflow_temple_1_default, serial_shops, shop, minmay_misc_feat_alley,
          serial_bayou_pond_a, lightli_minifort
D:6:      gammafunk_temple_overflow_pools, uniq_sigmund
D:7:      minmay_temple_entry_crystal_x, basic_altar, serial_corexii_hall,
          corexii_hall_statues_l, corexii_hall_statues_x,
          corexii_hall_statues_t, nicolae_ru_awakened_eye, uniq_joseph
D:8:      cheibrodos_statue_roulette
D:9:      kennysheep_mini_moat
D:10:     david_lair_generic, minmay_misc_feat_enclosed, grunt_tengu_nest,
          minmay_nine_imps
D:11:     david_orc_2, portal_ice_cave_entry_pillars_1, serial_shops, shop,
          uniq_snorg, uniq_fannar, uniq_josephine
D:12:     basic_altar, nzn_random_ring
D:13:     enter_trove_0
D:14:     david_vaults_5, minmay_fountain_box, serial_ice, serial_ice_k,
          serial_ice_b, serial_ice_c, serial_ice_a, serial_ice_n, serial_ice_m,
          minivault_16
D:15:     grunt_enter_depths_snipers, minivault_11, serial_shops,
          nicolae_shop_crystal, shop, nicolae_shop_behind_doors,
          lightli_fourway_metalbox
Temple:   minmay_freezing_vapour_temple
Lair:1:   uniq_urug, uniq_erica
Lair:2:   beast_lair_carwin_9, serial_bayou_shore_a, minmay_lair_oklob_chamber,
          serial_bayou_shore_b
Lair:3:   spider_nest_entry_funnel_web
Lair:4:   elwin_shoals_entry_stream, kennysheep_snail_temple, uniq_nessos
Lair:5:   basic_altar, lemuel_fruit_fields, serial_bayou_shore_b
Lair:6:   cheibrodos_lair_end_hotspot, slime_altar_2
Orc:1:    basic_altar, uniq_erolcha
Orc:2:    st_orc_mages, nicolae_orc_sculptors_studio
Trove:    trove_wands_scrolls
IceCv:    ice_cave_small_giant

Skill      XL: |  1  2  3  4  5  6  7  8  9 10 11 12 13 14 15 |
---------------+----------------------------------------------+-----
Stealth        | 5 6 7 8 12 13 15 16 18 20 | 20.2
Short Blades   | 2 3 4 5 8 10 | 10.0
Spellcasting   | 4 5 6 10 | 10.2
Hexes          | 5 8 10 11 13 | 13.0
Fighting       | 3 6 7 8 10 | 10.0
Dodging        | 8 9 12 15 | 15.0
Evocations     | 5 |  5.3
Shields        | 5 7 |  7.2

Action                   |  1- 3 |  4- 6 |  7- 9 | 10-12 | 13-15 || total
-------------------------+-------+-------+-------+-------+-------++-------
Melee: Dagger            |   121 |   272 |   527 |   467 |  1466 ||  2853
       Quick blade       |       |       |       |       |    28 ||    28
 Cast: Corona            |     5 |    12 |     1 |       |       ||    18
       Ensorcelled Hiber |    17 |    56 |    96 |   149 |   266 ||   584
       Confuse           |       |    17 |    47 |    90 |   232 ||   386
       Dazzling Spray    |       |       |       |       |    57 ||    57
Invok: Call Merchant     |       |       |       |       |     2 ||     2
 Abil: Evoke Flight      |       |       |       |       |     4 ||     4
Evoke: Wand              |       |       |       |     8 |     1 ||     9
       Lightning rod     |       |       |       |     2 |       ||     2
  Use: Scroll            |       |       |     9 |    10 |    20 ||    39
       Potion            |       |       |       |       |     1 ||     1
 Stab: Distracted        |     1 |     1 |       |     1 |    18 ||    21
       Sleeping          |    23 |    34 |    57 |    92 |   163 ||   369
       Confused          |       |     4 |    27 |    48 |   108 ||   187
       Invisible         |       |       |       |       |    21 ||    21
  Eat: Ration            |       |     5 |     6 |     9 |    14 ||    34
Armor: Robe              |     7 |    35 |    35 |    14 |    38 ||   129
Dodge: Dodged            |    76 |   244 |   376 |   241 |   851 ||  1788
Block: Buckler           |       |       |       |       |   229 ||   229

Table legend:
 A = Non-vault XP
 B = Vault XP
 C = Vault XP percentage of total XP
 D = Non-vault monster count
 E = Vault monster count
 F = Vault count percentage of total count
                 A         B        C        D         E       F
            +---------+---------+-------+---------+---------+-------
      Total |   76212 |   56343 |  42.5 |     585 |     221 |  27.4
            +---------+---------+-------+---------+---------+-------
        D:1 |      34 |       4 |  10.5 |      14 |       2 |  12.5
        D:2 |      91 |      36 |  28.3 |      37 |       1 |   2.6
        D:3 |     106 |       0 |   0.0 |      27 |       0 |   0.0
        D:4 |     445 |     254 |  36.3 |      21 |       1 |   4.5
        D:5 |     614 |     160 |  20.7 |      18 |       6 |  25.0
        D:6 |    1182 |     208 |  15.0 |      34 |       1 |   2.9
        D:7 |    1465 |       0 |   0.0 |      37 |       0 |   0.0
        D:8 |     748 |    2021 |  73.0 |      15 |       5 |  25.0
        D:9 |     969 |       0 |   0.0 |      12 |       0 |   0.0
       D:10 |    1305 |    1467 |  52.9 |      21 |      14 |  40.0
       D:11 |    3298 |    4289 |  56.5 |      21 |      15 |  41.7
       D:12 |    4385 |    5424 |  55.3 |      34 |      16 |  32.0
       D:13 |    6172 |       0 |   0.0 |      39 |       0 |   0.0
       D:14 |    1890 |    6078 |  76.3 |       7 |      25 |  78.1
       D:15 |   13550 |    4042 |  23.0 |      49 |       7 |  12.5
     Lair:1 |    6729 |    1764 |  20.8 |      30 |       2 |   6.2
     Lair:2 |    3639 |    2010 |  35.6 |      17 |       5 |  22.7
     Lair:3 |    3725 |     780 |  17.3 |      12 |       4 |  25.0
     Lair:4 |    2452 |    4472 |  64.6 |       9 |       9 |  50.0
     Lair:5 |    2832 |       0 |   0.0 |      10 |       0 |   0.0
     Lair:6 |   12070 |    8873 |  42.4 |      37 |      26 |  41.3
   Spider:1 |    2140 |       0 |   0.0 |       8 |       0 |   0.0
      Orc:1 |    1283 |     993 |  43.6 |      26 |       1 |   3.7
      Orc:2 |    5088 |    4999 |  49.6 |      50 |      46 |  47.9
      IceCv |       0 |    8469 | 100.0 |       0 |      35 | 100.0
            +---------+---------+-------+---------+---------+-------
